 Dungeon Crawl Stone Soup version 0.20.1-1-g8b1a95d (webtiles) character file.

611 MDKed the Poker (level 7, -1/58 HPs)
             Began as a Demigod Fighter on July 17, 2017.
             Slain by Menkaure (11 damage)
             ... on level 7 of the Dungeon.
             The game lasted 00:13:09 (3880 turns).

MDKed the Poker (Demigod Fighter)                   Turns: 3880, Time: 00:13:09

Health: -1/58      AC: 15    Str: 19    XL:     7   Next: 0%
Magic:  9/9        EV:  4    Int: 13    God:
Gold:   294        SH: 12    Dex: 24    Spells: 6/6 levels left

rFire    . . .     SeeInvis .   a - +1 trident
rCold    . . .     Gourm    +   c - +1 shield
rNeg     . . .     Faith    .   w - +1 plate armour of Acoem {Int+3 Dex+7}
rPois    .         Spirit   .   (helmet restricted)
rElec    .         Reflect  .   (no cloak)
rCorr    .         Harm     .   x - +0 pair of gloves
MR       +....     Clarity  +   l - +0 pair of boots
Stlth    ..........             s - amulet of the gourmand
Regen    0.2/turn               f - ring of protection from magic
MPRegen  0.2/turn               k - -2 ring of strength (curse)

@: no status effects
A: horns 1, clarity, dopey 1, high mp 1, wild magic 1, no potion heal 1
a: no special abilities


You were on level 7 of the Dungeon.
You were very full.

You visited 1 branch of the dungeon, and saw 5 of its levels.

You collected 294 gold pieces.

Inventory:

Hand Weapons
 a - a +1 trident (weapon)
Armour
 b - a +0 scale mail
 c - a +1 shield (worn)
 l - a +0 pair of boots (worn)
 n - a +0 pair of gloves
 w - the +1 plate armour of Acoem (worn) {Int+3 Dex+7}
   (You found it on level 4 of the Dungeon)

   It affects your intelligence (+3).
   It affects your dexterity (+7).
 x - a +0 pair of gloves (worn)
Jewellery
 f - a ring of protection from magic (left hand)
 k - a cursed -2 ring of strength (right hand)
 m - an uncursed amulet of rage {unknown}
 s - an amulet of the gourmand (around neck)
 y - an uncursed ring of magical power {unknown}
Wands
 i - a wand of polymorph (16/24)
 D - a wand of flame (27/48)
Scrolls
 e - a scroll of fear
 q - 2 scrolls of teleportation
 u - 2 scrolls of enchant weapon
 z - a scroll of identify
 C - a scroll of recharging
Potions
 d - 2 potions of might
 j - a potion of berserk rage {unknown}
 p - a potion of lignification {unknown}
 t - 2 potions of agility {unknown}
 v - a potion of brilliance {unknown}
 B - a potion of flight
Books
 A - a book of Callings

   Spells                             Type                      Level
   a - Summon Small Mammal            Summoning                    1
   b - Call Imp                       Summoning                    2
   c - Call Canine Familiar           Summoning                    3
   d - Summon Guardian Golem          Hexes/Summoning              3
   e - Summon Lightning Spire         Summoning/Air                4
   f - Summon Ice Beast               Ice/Summoning                4
Comestibles
 g - 5 royal jellies
 h - 3 meat rations
 o - 3 bread rations
 r - 2 fruits


   Skills:
 * Level 3.7 Fighting
 * Level 4.4 Polearms
 * Level 4.4 Armour
 + Level 1.0 Dodging
 + Level 0.2 Stealth
 * Level 4.2 Shields


You had 6 spell levels left.
You didn't know any spells.

Dungeon Overview and Level Annotations

Branches:
Dungeon (7/15)
 Temple: D:4-7

Annotations:
D:7 Menkaure


Innate Abilities, Weirdness & Mutations

You have an increased reservoir of magic. (+10% MP)
You have a pair of small horns on your head.
You possess an exceptional clarity of mind.
You are dopey. (Int -2)
Your spells are a little harder to cast, but a little more powerful.
Potions are less effective at restoring your health.


Message History

You are too injured to fight recklessly!
Your shield and plate armour of Acoem prevent you from hitting Menkaure.
You headbutt Menkaure, but do no damage.
Menkaure is lightly damaged.
You block Menkaure's attack.
You hit Menkaure.
You headbutt Menkaure, but do no damage.
Menkaure is moderately damaged.
You hit Menkaure. Your headbutt misses Menkaure.
Menkaure is moderately damaged.
Menkaure mumbles some strange words.
Menkaure seems to speed up.
You hit Menkaure but do no damage.
Menkaure is moderately damaged.
You block Menkaure's attack. Menkaure hits you!
* * * LOW HITPOINT WARNING * * *
You hit Menkaure.
Menkaure is heavily damaged.
Menkaure hits you!
You die...

## ###### #######..#
##.....##.....#...
#......)........##
.................#
......M@.....###.###
.............#§...§#
.#
.............#.....#.#
.......?...>...._....#
....%........#.....#.#
#............#§...§#
##.....#.....###.###
#######.###(. #... #.#
...#..###


You could see Menkaure.

Vanquished Creatures
  A sky beast (D:3)
  An ogre (D:4)
  2 hounds
  An orc priest (D:3)
  Ijyb (D:4)
  3 orc wizards (D:4)
  3 worker ants (D:4)
  8 adders
  An ooze (D:1)
  4 worms
  2 dart slugs
  3 leopard geckos
  14 orcs
  2 giant cockroaches
  4 goblins
  3 hobgoblins
  2 quokkas
  A ball python (D:4)
  6 bats
  3 frilled lizards
  7 kobolds
  9 rats
81 creatures vanquished.

Notes
Turn   | Place    | Note
-------+----------+-------------------------------------------
     0 | D:1      | MDKed the Demigod Fighter began the quest for the Orb.
     0 | D:1      | Reached XP level 1. HP: 18/18 MP: 3/3
   338 | D:1      | Reached XP level 2. HP: 23/25 MP: 4/4
   880 | D:1      | Found a shattered altar of Ashenzari.
  1273 | D:2      | Reached XP level 3. HP: 30/30 MP: 5/5
  1607 | D:2      | Found a faded altar of an unknown god.
  1797 | D:3      | Gained mutation: You have large cloven feet. [potion of mutation]
  1797 | D:3      | Gained mutation: Your spells are a little harder to cast, but a little more powerful. [potion of mutation]
  1797 | D:3      | Gained mutation: You have a beak for a mouth. [potion of mutation]
  1798 | D:3      | Reached XP level 4. HP: 8/38 MP: 6/6
  2137 | D:3      | Noticed a sky beast
  2149 | D:3      | Killed a sky beast
  2149 | D:3      | Reached XP level 5. HP: 26/45 MP: 7/7
  2381 | D:3      | Reached skill level 1 in Dodging
  2876 | D:4      | Reached XP level 6. HP: 32/51 MP: 8/8
  3138 | D:4      | Got a pitted plate armour
  3152 | D:4      | Identified the +1 plate armour of Acoem {Int+3 Dex+7} (You found it on level 4 of the Dungeon)
  3604 | D:4      | Noticed Ijyb
  3613 | D:4      | Killed Ijyb
  3772 | D:4      | Lost mutation: You have large cloven feet. [potion of mutation]
  3772 | D:4      | Lost mutation: You have a beak for a mouth. [potion of mutation]
  3772 | D:4      | Gained mutation: Potions are less effective at restoring your health. [potion of mutation]
  3772 | D:4      | Gained mutation: You possess an exceptional clarity of mind. [potion of mutation]
  3772 | D:4      | Gained mutation: You are dopey. (Int -2) [potion of mutation]
  3772 | D:4      | Gained mutation: You have a pair of small horns on your head. [potion of mutation]
  3801 | D:4      | Reached XP level 7. HP: 58/58 MP: 9/9
  3863 | D:4      | You fall through a shaft for 3 floors!
  3863 | D:7      | Found a stormy altar of Qazlal.
  3870 | D:7      | Noticed Menkaure
  3880 | D:7      | Slain by Menkaure

Skill      XL: |  1  2  3  4  5  6 |
---------------+-------------------+-----
Polearms       | 2 3 4 |  4.4
Armour         | 3 4 |  4.4
Shields        | 3 4 |  4.2
Fighting       | 3 |  3.7
Dodging        | 1 |  1.0
Stealth        | |  0.2

Action                   |  1- 3 |  4- 6 |  7- 9 || total
-------------------------+-------+-------+-------++-------
Melee: Trident           |   142 |   184 |     7 ||   333
       Peck              |       |    41 |       ||    41
       Headbutt          |       |     5 |     3 ||     8
  Use: Scroll            |     8 |     1 |       ||     9
       Potion            |     3 |     1 |       ||     4
  Eat: Bread ration      |     1 |       |       ||     1
       Chunk             |       |    12 |       ||    12
       Fruit             |       |     1 |       ||     1
Armor: Scale mail        |    59 |    42 |       ||   101
       Plate armour      |       |    46 |       ||    46
Dodge: Dodged            |    29 |    35 |       ||    64
Block: Shield            |    64 |    99 |     2 ||   165
